[ AOE2 MATCH · #485982018 ]
UnrankedEthiopians vs Vietnamese
[ REPLAY ANALYSIS · EXTRACTED FROM THE RECORDED GAME ]
Feudal
9:46
Castle
27:01
Imperial
—
| APM avg | 25.3 |
| APM peak | 51 |
| eAPM avg | 15.3 |
| Villagers / military | 145 / 74 |
Focus
⚔️ 35.1% · 🌾 64.9%
Scout Cavalry ×33 · Archer ×32 · Knight ×9
Feudal
9:42
Castle
25:58
Imperial
—
| APM avg | 34.6 |
| APM peak | 69 |
| eAPM avg | 17.5 |
| Villagers / military | 98 / 84 |
Focus
⚔️ 40.0% · 🌾 60.0%
Fire Lancer ×37 · Archer ×18 · Spearman ×15 · Scorpion ×6 · Battering Ram ×5 · Mangonel ×2
Match map
Initial resources + every placement click. Lines = walls · curves = elevation contours. ◆ gold · ⬟ stone · ● berries · ✦ relic · ◌ wall gap
Your base· ✓ Closed at 27:01 · 20t walls · no gate
LMG_Leonardo's base· ✓ Closed at 25:58 · 25t walls · 1 gate(s)
Smoothed initial terrain · ◌ = detected wall gap · hover for details
Inputs per minute
— lil2jim - - LMG_Leonardo
Build order — lil2jim
First 150 of 253 actions detected
| 0:05 | Create | Villager (Male) ×4 |
| 0:08 | Build | House |
| 0:09 | Build | House |
| 1:30 | Create | Villager (Male) |
| 2:11 | Create | Villager (Male) |
| 2:20 | Build | Lumber Camp |
| 2:27 | Create | Villager (Male) |
| 3:00 | Create | Villager (Male) |
| 3:19 | Create | Villager (Male) |
| 3:23 | Build | House |
| 3:24 | Build | House |
| 3:48 | Create | Villager (Male) |
| 4:01 | Create | Villager (Male) |
| 4:34 | Create | Villager (Male) |
| 4:51 | Create | Villager (Male) |
| 5:00 | Build | Mill |
| 5:37 | Create | Villager (Male) |
| 5:38 | Create | Villager (Male) |
| 6:05 | Create | Villager (Male) |
| 6:25 | Create | Villager (Male) ×4 |
| 6:53 | Create | Villager (Male) |
| 6:57 | Research | Loom |
| 7:36 | Research | Feudal Age |
| 7:42 | Build | House |
| 8:13 | Build | Barracks |
| 8:38 | Build | Farm |
| 8:47 | Create | Villager (Male) |
| 8:47 | Create | Villager (Male) |
| 9:37 | Build | Farm |
| 9:46 | Age | Feudal Age |
| 9:58 | Build | Stable |
| 10:21 | Build | Farm |
| 10:37 | Create | Villager (Male) |
| 10:38 | Create | Villager (Male) |
| 10:48 | Research | Double-Bit Axe |
| 10:53 | Create | Scout Cavalry |
| 10:53 | Create | Scout Cavalry |
| 10:53 | Create | Scout Cavalry |
| 10:53 | Create | Scout Cavalry |
| 10:57 | Build | Farm |
| 11:01 | Create | Villager (Male) |
| 11:07 | Build | Farm |
| 11:14 | Create | Villager (Male) |
| 11:29 | Build | House |
| 11:37 | Build | Palisade Wall |
| 11:38 | Create | Villager (Male) |
| 11:45 | Research | Wheelbarrow |
| 11:50 | Create | Villager (Male) |
| 11:58 | Build | House |
| 12:04 | Build | House |
| 12:10 | Create | Villager (Male) |
| 12:14 | Build | Farm |
| 12:47 | Create | Scout Cavalry |
| 12:48 | Create | Villager (Male) |
| 13:01 | Build | Blacksmith |
| 13:03 | Create | Villager (Male) |
| 13:06 | Build | House |
| 13:13 | Build | Palisade Wall |
| 13:19 | Create | Villager (Male) |
| 13:28 | Research | Horse Collar |
| 13:46 | Build | Farm |
| 14:03 | Create | Villager (Male) |
| 14:10 | Research | Scale Barding Armor |
| 14:10 | Create | Villager (Male) |
| 14:19 | Build | Farm |
| 14:23 | Build | Farm |
| 14:26 | Create | Villager (Male) |
| 14:27 | Create | Villager (Male) |
| 14:32 | Build | Palisade Wall |
| 14:38 | Build | House |
| 14:56 | Create | Scout Cavalry |
| 14:57 | Create | Villager (Male) |
| 15:09 | Build | House |
| 15:10 | Build | House |
| 15:11 | Build | House |
| 15:29 | Create | Villager (Male) |
| 15:43 | Create | Scout Cavalry |
| 15:44 | Create | Scout Cavalry |
| 15:45 | Create | Villager (Male) |
| 16:01 | Create | Scout Cavalry |
| 16:11 | Build | House |
| 16:12 | Build | House |
| 16:16 | Build | Farm |
| 16:18 | Build | Farm |
| 16:19 | Build | Farm |
| 16:24 | Build | Farm |
| 16:24 | Build | Farm |
| 16:25 | Build | Farm |
| 16:25 | Build | Farm |
| 16:44 | Create | Villager (Male) |
| 16:44 | Create | Villager (Male) |
| 16:56 | Build | Stable |
| 16:59 | Build | Farm |
| 17:00 | Build | Farm |
| 17:16 | Build | Farm |
| 17:17 | Create | Villager (Male) |
| 17:22 | Build | House |
| 17:26 | Build | Farm |
| 17:30 | Create | Villager (Male) |
| 17:40 | Build | Farm |
| 17:42 | Create | Villager (Male) |
| 17:54 | Create | Scout Cavalry |
| 17:55 | Create | Scout Cavalry |
| 18:05 | Create | Scout Cavalry |
| 18:22 | Create | Scout Cavalry |
| 18:24 | Create | Villager (Male) |
| 18:28 | Build | Farm |
| 18:35 | Build | Farm |
| 18:41 | Create | Villager (Male) |
| 18:46 | Build | House |
| 18:48 | Create | Scout Cavalry |
| 19:00 | Build | Farm |
| 19:05 | Build | Market |
| 19:11 | Create | Scout Cavalry ×2 |
| 19:21 | Research | Forging |
| 19:27 | Build | Farm |
| 19:33 | Build | Farm |
| 19:36 | Build | Farm |
| 19:37 | Create | Scout Cavalry |
| 19:45 | Build | Farm |
| 19:47 | Create | Villager (Male) ×2 |
| 19:55 | Create | Scout Cavalry |
| 20:09 | Build | House |
| 20:20 | Create | Scout Cavalry ×2 |
| 20:21 | Create | Villager (Male) |
| 20:25 | Build | Farm |
| 20:33 | Build | Mining Camp |
| 20:40 | Create | Scout Cavalry ×2 |
| 20:42 | Create | Villager (Male) |
| 20:50 | Create | Scout Cavalry |
| 21:03 | Build | Farm |
| 21:12 | Create | Scout Cavalry ×2 |
| 21:20 | Create | Scout Cavalry |
| 21:25 | Create | Villager (Male) ×2 |
| 21:32 | Build | Farm |
| 21:44 | Create | Scout Cavalry ×2 |
| 21:53 | Create | Scout Cavalry |
| 22:16 | Create | Villager (Male) ×5 |
| 22:33 | Create | Villager (Male) ×5 |
| 22:37 | Build | House |
| 22:44 | Build | House |
| 22:46 | Create | Scout Cavalry |
| 22:46 | Create | Scout Cavalry |
| 23:04 | Create | Villager (Male) ×3 |
| 23:25 | Create | Scout Cavalry |
| 23:40 | Create | Villager (Male) |
| 23:41 | Create | Scout Cavalry |
| 24:16 | Research | Castle Age |
| 24:24 | Build | House |
| 24:26 | Build | House |
Build order — LMG_Leonardo
First 150 of 267 actions detected
| 0:01 | Create | Villager (Male) |
| 0:01 | Create | Villager (Male) |
| 0:01 | Create | Villager (Male) |
| 0:01 | Create | Villager (Male) |
| 0:02 | Build | House |
| 0:04 | Build | House |
| 1:29 | Create | Villager (Male) |
| 1:29 | Create | Villager (Male) |
| 1:51 | Build | Lumber Camp |
| 2:02 | Create | Villager (Male) |
| 2:26 | Create | Villager (Male) |
| 2:26 | Create | Villager (Male) |
| 2:46 | Create | Villager (Male) |
| 3:17 | Create | Villager (Male) |
| 3:33 | Create | Villager (Male) |
| 3:39 | Build | House |
| 3:41 | Build | House |
| 4:06 | Create | Villager (Male) |
| 4:16 | Create | Villager (Male) |
| 4:40 | Create | Villager (Male) |
| 4:46 | Build | Mill |
| 5:04 | Create | Villager (Male) |
| 5:41 | Create | Villager (Male) |
| 5:41 | Create | Villager (Male) |
| 5:42 | Research | Loom |
| 7:02 | Create | Villager (Male) |
| 7:32 | Research | Feudal Age |
| 7:52 | Build | Barracks |
| 7:53 | Build | House |
| 8:28 | Create | Villager (Male) |
| 8:28 | Create | Villager (Male) |
| 9:02 | Build | House |
| 9:42 | Age | Feudal Age |
| 9:45 | Build | Archery Range |
| 10:12 | Build | Farm |
| 10:25 | Create | Villager (Male) |
| 10:31 | Build | Mining Camp |
| 10:34 | Research | Double-Bit Axe |
| 10:45 | Build | Farm |
| 10:48 | Build | Farm |
| 10:49 | Create | Villager (Male) |
| 10:59 | Create | Archer |
| 11:21 | Create | Villager (Male) |
| 11:21 | Create | Villager (Male) |
| 11:38 | Create | Skirmisher |
| 11:46 | Build | Blacksmith |
| 11:49 | Create | Villager (Male) |
| 11:54 | Build | House |
| 11:57 | Create | Villager (Male) |
| 11:57 | Create | Villager (Male) |
| 12:01 | Create | Villager (Male) |
| 12:01 | Create | Villager (Male) |
| 12:19 | Create | Villager (Male) |
| 12:23 | Create | Archer |
| 12:23 | Create | Archer |
| 12:48 | Create | Villager (Male) |
| 12:48 | Create | Villager (Male) |
| 13:03 | Build | Archery Range |
| 13:12 | Research | Wheelbarrow |
| 13:25 | Build | Farm |
| 13:26 | Build | Farm |
| 13:28 | Research | Horse Collar |
| 13:32 | Build | Farm |
| 13:39 | Build | Palisade Wall |
| 13:45 | Build | House |
| 13:48 | Build | Palisade Wall |
| 14:01 | Create | Villager (Male) |
| 14:06 | Build | House |
| 14:08 | Build | House |
| 14:10 | Build | House |
| 14:12 | Create | Villager (Male) |
| 14:18 | Create | Archer |
| 14:18 | Create | Archer |
| 14:19 | Create | Archer |
| 14:36 | Build | Farm |
| 15:30 | Create | Villager (Male) |
| 15:30 | Create | Villager (Male) |
| 15:30 | Create | Villager (Male) |
| 15:45 | Create | Villager (Male) |
| 15:45 | Create | Villager (Male) |
| 15:58 | Create | Spearman |
| 15:58 | Create | Spearman |
| 16:03 | Create | Archer |
| 16:03 | Create | Archer |
| 16:04 | Create | Archer |
| 16:04 | Create | Archer |
| 16:04 | Create | Archer |
| 16:04 | Create | Archer |
| 16:38 | Create | Villager (Male) |
| 16:38 | Create | Villager (Male) |
| 17:09 | Research | Fletching |
| 17:09 | Research | Padded Archer Armor |
| 17:16 | Build | Archery Range |
| 17:29 | Build | House |
| 17:31 | Build | House |
| 18:32 | Create | Villager (Male) |
| 18:32 | Create | Villager (Male) |
| 18:47 | Create | Villager (Male) |
| 18:47 | Create | Villager (Male) |
| 18:47 | Create | Villager (Male) |
| 19:02 | Create | Villager (Male) |
| 19:03 | Create | Villager (Male) |
| 19:03 | Create | Villager (Male) |
| 19:08 | Build | Farm |
| 19:09 | Build | Farm |
| 19:11 | Build | Farm |
| 19:12 | Build | Farm |
| 19:12 | Build | Farm |
| 19:12 | Build | Farm |
| 19:13 | Build | Farm |
| 19:18 | Create | Archer |
| 19:18 | Create | Archer |
| 19:19 | Create | Archer |
| 19:19 | Create | Archer |
| 19:26 | Build | House |
| 19:32 | Create | Archer |
| 19:32 | Create | Archer |
| 20:05 | Create | Villager (Male) |
| 20:06 | Create | Villager (Male) |
| 20:16 | Create | Spearman |
| 20:16 | Create | Spearman |
| 20:17 | Create | Spearman |
| 20:36 | Build | House |
| 20:37 | Build | House |
| 20:52 | Build | House |
| 21:38 | Create | Villager (Male) |
| 21:38 | Create | Villager (Male) |
| 21:59 | Build | Market |
| 22:25 | Build | House |
| 22:31 | Build | Palisade Gate |
| 22:42 | Create | Villager (Male) |
| 23:18 | Research | Castle Age |
| 23:28 | Build | Archery Range |
| 23:40 | Build | Barracks |
| 23:42 | Build | Barracks |
| 23:49 | Research | Scale Mail Armor |
| 23:52 | Create | Villager (Male) |
| 23:58 | Build | Farm |
| 23:58 | Build | Farm |
| 23:58 | Build | Farm |
| 23:59 | Build | Farm |
| 23:59 | Build | Farm |
| 24:19 | Create | Spearman |
| 24:19 | Create | Spearman |
| 24:20 | Create | Spearman |
| 24:20 | Create | Spearman |
| 25:02 | Create | Spearman |
| 25:02 | Create | Spearman |
| 25:03 | Create | Spearman |
| 25:09 | Build | House |
Match timeline
| 7:52 | LMG_Leonardo · first_building Barracks |
| 8:13 | lil2jim · first_building Barracks |
| 9:42 | LMG_Leonardo · age_up feudal |
| 9:45 | LMG_Leonardo · first_building Archery Range |
| 9:46 | lil2jim · age_up feudal |
| 9:58 | lil2jim · first_building Stable |
| 11:37 | lil2jim · wall_segment Palisade Wall x4 |
| 13:13 | lil2jim · wall_segment Palisade Wall x9 |
| 13:39 | LMG_Leonardo · wall_segment Palisade Wall x9 |
| 13:48 | LMG_Leonardo · wall_segment Palisade Wall x16 |
| 14:32 | lil2jim · wall_segment Palisade Wall x7 |
| 23:10 | LMG_Leonardo · first_market_buy 100 food |
| 23:12 | LMG_Leonardo · first_market_sell 100 wood |
| 24:14 | lil2jim · first_market_sell 100 wood |
| 24:15 | lil2jim · first_market_buy 100 food |
| 25:58 | LMG_Leonardo · age_up castle |
| 27:01 | lil2jim · age_up castle |
| 27:57 | LMG_Leonardo · first_building Siege Workshop |
| 28:47 | lil2jim · first_building Archery Range |
| 37:08 | lil2jim · first_building Castle |
| 38:25 | LMG_Leonardo · resign |
[ AI ANALYSIS · 1 CREDIT ]
What really happened in this match?
Wolo.gg analyzes every decision: build order, eco, micro, common mistakes by bracket. Personalized analysis on WhatsApp or Discord in 30 seconds.
Civ guide
Ethiopians
Perfil
Jugador #3803752